 Dungeon Crawl Stone Soup version 0.31.0-2-g5a2aebc5c2 (webtiles) character file.

Game seed: 14080278441931885536

6607 Luthien the Destroyer (level 10, 0/61 HPs)
             Began as a Deep Elf Conjurer on Jan 20, 2024.
             Was a Priest of Vehumet.
             Slain by an orc
             ... wielding a +0 dagger
              (1 damage)
             ... while petrified by a catoblepas
             ... on level 10 of the Dungeon.
             The game lasted 01:03:12 (15049 turns).

Luthien the Destroyer (Deep Elf Conjurer)          Turns: 15049, Time: 01:03:13

Health: 0/61       AC:  6    Str: 10    XL:     10   Next: 71%
Magic:  15/19      EV:  2    Int: 28    God:    Vehumet [***...]
Gold:   51         SH:  0    Dex: 13    Spells: 7/19 levels left

rFire   . . .        h - +0 sling
rCold   . . .        F - orb {light}
rNeg    + + +        m - +0 robe {Will+}
rPois   ∞            O - +1 hat
rElec   .            a - +1 cloak
rCorr   .            z - +0 pair of gloves
SInv    .            (no boots)
Will    ++...        C - amulet of faith
Stlth   +            y - +6 ring of strength
HPRegen 0.30/turn    (no ring)
MPRegen 0.16/turn

%: faith
@: petrified, glowing
A: no striking features
a: Renounce Religion


You were on level 10 of the Dungeon.
You worshipped Vehumet.
Vehumet was most pleased with you.
You visited 2 branches of the dungeon, and saw 11 of its levels.
You also visited: Sewer.

You collected 403 gold pieces.
You spent 352 gold pieces at shops.

Inventory:

Hand Weapons
 h - a +0 sling (weapon)
 w - a +4 dagger of flaming
Missiles
 b - 3 boomerangs
 f - 89 stones
 x - 12 poisoned darts
Armour
 a - a +1 cloak (worn)
 m - a +0 robe of willpower (worn)
 z - a +0 pair of gloves (worn)
 F - an orb of light (worn)
 L - a +0 tower shield
 O - a +1 hat (worn)
 Q - a +2 ring mail of fire resistance
Magical Staves
 K - a staff of alchemy
Jewellery
 i - a ring of ice
 y - a +6 ring of strength (left hand)
 C - an amulet of faith (around neck)
 M - a +4 ring of protection
Wands
 k - a wand of flame (11)
 B - a wand of paralysis (35)
Scrolls
 e - 2 scrolls of brand weapon
 n - a scroll of fear {unknown}
 o - a scroll of fog {unknown}
 p - a scroll of noise
 r - a scroll of enchant weapon {unknown}
 s - a scroll of enchant armour {unknown}
 v - 8 scrolls of teleportation
 A - 3 scrolls of identify
 E - a scroll of revelation {unknown}
 G - a scroll of poison {unknown}
Potions
 c - a potion of mutation {unknown}
 d - 4 potions of invisibility {unknown}
 g - a potion of enlightenment
 j - a potion of degeneration {unknown}
 l - 3 potions of might {unknown}
 q - a potion of resistance {unknown}
 t - 2 potions of brilliance {unknown}
 u - 3 potions of heal wounds
 D - a potion of berserk rage {unknown}
 H - 3 potions of haste
 I - a potion of lignification {unknown}
 J - a potion of attraction
 N - a potion of ambrosia {unknown}


   Skills:
 + Level 6.4 Fighting
 - Level 4.0 Dodging
 - Level 3.0 Stealth
 - Level 5.0 Spellcasting
 - Level 11.0 Conjurations
 + Level 8.1 Summonings
 - Level 5.0 Necromancy
 - Level 6.0 Alchemy


You had 7 spell levels left.
You knew the following spells:

 Your Spells              Type           Power      Damage    Failure   Level
a - Magic Dart            Conj           100%       1d8       1%          1
b - Searing Ray           Conj           100%       2d8       1%          2
p - Fulminant Prism       Conj/Alch      26%        3d13      1%          4
A - Call Imp              Summ           100%       N/A       1%          2
B - Sublimation of Blood  Necr           35%        N/A       1%          2
C - Kiss of Death         Conj/Necr      100%       2d13      1%          1

Your spell library contained the following spells:

 Spells                   Type           Power      Damage    Failure   Level
 Mephitic Cloud           Conj/Alch/Air  38%        N/A       1%          3
 Shock                    Conj/Air       100%       1d9       1%          1
 Momentum Strike          Conj/Tloc      74%        3d10      1%          2
 Iskenderun's Mystic Bla  Conj/Tloc      37%        2d9       1%          4
 Blink                    Tloc           14%        N/A       10%         2
 Lesser Beckoning         Tloc           14%        N/A       10%         2
 Airstrike                Air            3%         2d(1-17)  17%         4
 Swiftness                Air            7%         N/A       21%         3
 Summon Hydra             Summ           25%        N/A       90%         7


Dungeon Overview and Level Annotations

Branches:
Dungeon (10/15)            Temple (1/1) D:6             Orc (0/2) D:9
  Sewer (visited)
   Lair: D:8-11

Altars:
Ashenzari
Cheibriados
Dithmenos
Elyvilon
Fedhas
Gozag
Hepliaklqana
Kikubaaqudgha
Makhleb
Nemelex Xobeh
Okawaru
Qazlal
Ru
Sif Muna
Trog
Uskayaw
Vehumet
Wu Jian
Xom
Yredelemnul
Zin
The Shining One
Lugonu

Shops:
D:1 !   D:2 (   D:6 *[(

Annotations:
D:4 1 runed translucent door, Crazy Yiuf
D:7 2 transporters


Message History

You kill the kobold!
Vehumet accepts your kill.
The blast of energy engulfs the orc priest!!
You kill the orc priest!
Vehumet accepts your kill.
You feel your power returning.
The white imp is engulfed in calcifying dust.
The orc closely misses you.
You hear a shout!
You have turned to stone.
You stop ascending the stairs.
You are engulfed in calcifying dust.
The orc shouts!
The orc hits you with a +0 whip. The orc hits you but does no damage.
The catoblepas gores you!!
A kobold brigand comes into view.
It is wielding a +0 whip and quivering curare-tipped darts.
The orc throws a boomerang.
The boomerang hits you. The catoblepas gores you.
The orc hits you but does no damage. The catoblepas gores you!
The orc hits you but does no damage. The orc hits you with a +0 dagger.
The catoblepas gores you! The orc hits you but does no damage.
The orc hits you with a +0 dagger. The catoblepas gores you!
* * * LOW HITPOINT WARNING * * *
The orc hits you with a +0 whip.
* * * LOW HITPOINT WARNING * * *
The orc hits you but does no damage. The catoblepas gores you!
* * * LOW HITPOINT WARNING * * *
The orc hits you but does no damage.
The kobold brigand hits you with a +0 whip.
* * * LOW HITPOINT WARNING * * *
The orc barely misses you. The catoblepas gores you!
* * * LOW HITPOINT WARNING * * *
The orc hits you but does no damage.
The kobold brigand hits you with a +0 whip!
* * * LOW HITPOINT WARNING * * *
The orc hits you but does no damage. The catoblepas gores you.
The orc hits you but does no damage.
The kobold brigand hits you with a +0 whip.
* * * LOW HITPOINT WARNING * * *
The orc hits you with a +0 dagger.
You die...

##....)...###
#..)...*#...#
#.)#..#)#....
#..##.#......
#............
....###...... ....#
.......
....#.........)####.##..
..(........).(5Y@o......
..#..........).Ko#......
.# ##...##.#.#...# .....
. #....$. #)..# ..#. .
..#. .)..# .# # .#
..!.). .. . #...... .
#......


You could see a catoblepas, a kobold brigand, a white imp (petrified) and 2
orcs.

Vanquished Creatures
  Pikel (D:7)
  An unseen horror (D:10)
  A polar bear (D:10)
  2 wyverns
  6 yaks
  An unseen horror simulacrum (D:10)
  Grum (D:8)
  Duvessa (D:7)
  3 orc warriors
  A sky beast (D:7)
  A black bear (D:5)
  4 ice beasts
  An ogre (D:6)
  6 wolves
  A lemure (D:7)
  A phantom (D:4)
  2 centaurs
  2 kobold brigands
  A scorpion (D:5)
  4 bullfrogs
  2 gnoll sergeants
  4 wights (D:8)
  Dowan (D:7)
  9 killer bees
  2 howler monkeys (D:8)
  5 hounds
  6 orc priests
  A gnoll bouda (D:8)
  2 sleepcaps
  3 iguanas
  10 orc wizards
  A centaur simulacrum (D:10)
  17 gnolls
  12 adders
  2 river rats (Sewer)
  A shadow imp (D:5)
  4 white imps
  A howler monkey simulacrum (D:10)
  2 ufetubi (D:6)
  2 dart slugs
  4 ribbon worms
  33 orcs
  5 endoplasms
  6 giant cockroaches
  8 goblins
  8 hobgoblins
  3 quokkas
  7 ball pythons
  7 bats
  2 frilled lizards
  21 kobolds
  8 rats
240 creatures vanquished.

Vanquished Creatures (others)
  88 fulminant prisms
88 creatures vanquished.

Grand Total: 328 creatures vanquished

Notes
Turn   | Place    | Note
-------+----------+-------------------------------------------
     0 | D:1      | Luthien the Deep Elf Conjurer began the quest for the Orb.
     0 | D:1      | Reached XP level 1. HP: 10/10 MP: 6/6
   306 | D:1      | Reached XP level 2. HP: 15/15 MP: 4/8
   309 | D:1      | Learned a level 2 spell: Searing Ray
   735 | D:1      | Found Yxtavugy's Distillery.
  1182 | D:1      | Reached XP level 3. HP: 19/19 MP: 7/10
  1563 | D:2      | Found Diconeqa's Weapon Boutique.
  1983 | D:2      | Learned a level 2 spell: Call Imp
  2200 | D:3      | Reached XP level 4. HP: 11/24 MP: 7/11
  2207 | D:3      | Reached skill level 1 in Fighting
  2270 | D:3      | Reached skill level 5 in Conjurations
  2270 | D:3      | Reached skill level 1 in Summonings
  2689 | D:3      | You fall into a shaft and drop 1 floor!
  2827 | D:4      | Found a glowing drain.
  2918 | Sewer    | Entered a sewer
  2928 | Sewer    | Reached XP level 5. HP: 29/29 MP: 9/13
  3499 | Sewer    | Reached XP level 6. HP: 22/35 MP: 3/15
  4084 | D:4      | Reached skill level 5 in Spellcasting
  4353 | D:3      | Found a sparkling altar of Nemelex Xobeh.
  5262 | D:4      | Reached skill level 6 in Conjurations
  5712 | D:4      | Reached XP level 7. HP: 40/40 MP: 8/16
  5950 | D:4      | Found a runed translucent door.
  5951 | D:4      | Noticed Crazy Yiuf
  5970 | D:5      | Entered Level 5 of the Dungeon
  6147 | D:5      | Learned a level 2 spell: Sublimation of Blood
  6152 | D:5      | Learned a level 4 spell: Fulminant Prism
  6747 | D:5      | Reached skill level 1 in Alchemy
  6849 | D:5      | Reached skill level 1 in Necromancy
  7506 | D:6      | Found a staircase to the Ecumenical Temple.
  7512 | Temple   | Entered the Ecumenical Temple
  7564 | Temple   | Became a worshipper of Vehumet
  7673 | D:6      | Reached XP level 8. HP: 46/46 MP: 10/17
  7830 | D:6      | Found Oliczuc's Weapon Emporium.
  7890 | D:6      | Found Ruhux's General Store.
  7898 | D:6      | Bought a scroll of identify for 24 gold pieces
  7900 | D:6      | Bought a scroll of identify for 24 gold pieces
  7900 | D:6      | Bought a scroll of identify for 24 gold pieces
  8030 | D:1      | Bought 2 potions of haste for 200 gold pieces
  8030 | D:1      | Bought a potion of attraction for 30 gold pieces
  8257 | D:6      | Found Usiumn's Armour Emporium.
  8342 | D:6      | Reached skill level 7 in Conjurations
  8342 | D:6      | Reached skill level 5 in Summonings
  8845 | D:7      | Noticed Pikel
  8854 | D:7      | Killed Pikel
  9130 | D:7      | Reached XP level 9. HP: 52/52 MP: 3/18
  9495 | D:7      | Found a corrupted altar of Lugonu.
  9495 | D:7      | Found a transporter.
  9561 | D:7      | Found a stormy altar of Qazlal.
  9772 | D:7      | Found a snail-covered altar of Cheibriados.
  9824 | D:7      | Reached skill level 5 in Fighting
  9824 | D:7      | Reached skill level 5 in Necromancy
  9824 | D:7      | Reached skill level 5 in Alchemy
 10087 | D:7      | Found a transporter.
 10089 | D:7      | Noticed a red ugly thing
 10090 | D:7      | Noticed a white ugly thing
 10090 | D:7      | Noticed an ancient zyme
 10229 | D:7      | Noticed Duvessa
 10229 | D:7      | Noticed Dowan
 10232 | D:7      | Killed Dowan
 10243 | D:7      | Killed Duvessa
 10533 | D:7      | Reached * piety under Vehumet
 10533 | D:7      | Offered knowledge of Sandblast by Vehumet.
 10902 | D:7      | Reached skill level 8 in Conjurations
 11140 | D:8      | Reached skill level 9 in Conjurations
 11691 | D:8      | Reached skill level 10 in Conjurations
 11691 | D:8      | Reached XP level 10. HP: 56/59 MP: 7/19
 11693 | D:8      | Offered knowledge of Kiss of Death by Vehumet.
 11698 | D:7      | Learned a level 1 spell: Kiss of Death
 11966 | D:8      | Reached ** piety under Vehumet
 12031 | D:8      | Found a hazy altar of Hepliaklqana.
 12570 | D:1      | Bought a potion of heal wounds for 50 gold pieces
 12710 | D:9      | Noticed Grum
 12721 | D:8      | HP: 2/59 [Grum/+0 glaive of flaming (5)]
 12721 | D:8      | Killed Grum
 13048 | D:9      | Found a staircase to the Orcish Mines.
 13067 | D:9      | Reached skill level 11 in Conjurations
 13376 | D:9      | Offered knowledge of Dazzling Flash by Vehumet.
 13961 | D:10     | Entered Level 10 of the Dungeon
 14477 | D:10     | Noticed a gargoyle
 14477 | D:10     | Reached *** piety under Vehumet
 14920 | D:10     | Offered knowledge of Mephitic Cloud by Vehumet.
 15029 | D:10     | Noticed a catoblepas
 15048 | D:10     | HP: 2/61 [kobold brigand/+0 whip (3)]
 15049 | D:10     | Slain by an orc

Illustrated notes

Levels and vault maps discovered:
D:1:      dpeg_arrival_subterranean_lakeside_camping, layout_basic,
          serial_shops, nicolae_shop_rolling_square
D:2:      layout_basic, serial_shops, nicolae_shop_advertising_works
          [nicolae_subvault_shop_adworks], chequers_serial_rivers_small_b
D:3:      layout_rooms, nemelex_spade_bored_becter
D:4:      layout_basic, portal_sewer_entry_b, palyth_stone_intersect,
          kennysheep_generic_room_5, uniq_crazy_yiuf_cottage
D:5:      layout_loops_corners, hangedman_decor_points
D:6:      layout_basic, minmay_temple_entry_hall, serial_shops, shop, shop,
          nicolae_shop_pleasant_corner_grove, chequers_serial_rivers_room_a
D:7:      gammafunk_corrupted_shrine, layout_loops_corners, cheibriados_altar_1,
          mainiacjoe_overflow_cross_hatched, uniq_pikel, uniq_duvessa
D:8:      layout_cave_pools, mainiacjoe_overflow_24_doors
D:9:      layout_rooms, david_orc_2, serial_corexii_hall,
          corexii_hall_statues_i, chequers_hall_statues_wall_a,
          corexii_hall_statues_s, uniq_grum
D:10:     layout_cave_pools, serial_ice, serial_ice_k, serial_ice_a,
          serial_ice_b, serial_ice_g, serial_ice_d
Temple:   dpeg_five_rooms_temple

Skill      XL: |  1  2  3  4  5  6  7  8  9 10 |
---------------+-------------------------------+-----
Stealth        | 3 |  3.0
Dodging        | 3 4 |  4.0
Fighting       | 1 2 3 4 5 6 |  6.4
Spellcasting   | 4 5 |  5.0
Conjurations   | 5 6 7 10 11 | 11.0
Summonings     | 1 2 3 4 6 8 |  8.1
Alchemy        | 2 4 6 |  6.0
Necromancy     | 2 4 5 |  5.0

Action                     |  1- 3 |  4- 6 |  7- 9 | 10-12 || total
---------------------------+-------+-------+-------+-------++-------
   Fire: Sling             |       |       |     8 |     3 ||    11
   Cast: Magic Dart        |    57 |    65 |    55 |    18 ||   195
         Searing Ray       |    11 |    34 |    45 |    15 ||   105
         Fulminant Prism   |       |       |    42 |    48 ||    90
         Sublimation of Bl |       |       |     2 |       ||     2
  Evoke: Wand              |       |       |     1 |       ||     1
    Use: Scroll            |       |     3 |     5 |       ||     8
         Potion            |       |       |     4 |       ||     4
 Armour: Robe              |     2 |     9 |    59 |    65 ||   135
         Leather armour    |       |     1 |       |       ||     1
  Dodge: Dodged            |     4 |    11 |    73 |    47 ||   135
